Map: King Sejong Station LE

Players

llllllllllll - Winner!

  • Race: Protoss Protoss
  • League: Grandmaster

IIIIIIIIIIII

  • Race: Protoss Protoss
  • League: Master

VOD

Have the link to the VOD?

Description

Time

  • Played on: Aug. 8, 2016, 8:52 a.m.
  • Length: 5:57
Show
View Real Time Build Order
Export as new Build Order

llllllllllll Protoss - Winner!

Build Orders: Oracle Opening 

Get SALT Encoding   

  12  0:03  Probe (Chrono Boost)  
  13  0:13  Probe (Chrono Boost)  
  14  0:19  Pylon  
  14  0:24  Probe (Chrono Boost)  
  15  0:37  Probe (Chrono Boost)  
  15  0:40  Gateway  
  16  0:44  Assimilator  
  16  0:48  Probe (Chrono Boost)  
  17  0:52  Assimilator  
  17  0:59  Probe (Chrono Boost)  
  18  1:07  Gateway  
  18  1:09  Probe (Chrono Boost)  
  19  1:20  Probe (Chrono Boost)  
  20  1:28  Cybernetics Core  
  20  1:30  Probe (Chrono Boost)  
  21  1:38  Pylon  
  21  1:41  Probe (Chrono Boost)  
  22  1:51  Probe (Chrono Boost)  
  23  2:00  Warp Gate  
  23  2:04  Adept x2  
  29  2:09  Mothership Core (Chrono Boost)  
  29  2:18  Pylon  
  29  2:31  Stargate  
  29  2:39  Adept  
  29  2:40  Adept  
  33  3:07  Nexus  
  33  3:10  Oracle  
  36  3:21  Pylon  
  37  3:28  Probe (Chrono Boost)  
  37  3:39  Probe (Chrono Boost)  
  38  3:48  Oracle  
  36  3:50  Probe (Chrono Boost)  
  38  3:58  Robotics Facility  
  38  4:00  Probe (Chrono Boost)  
  39  4:11  Probe (Chrono Boost)  
  39  4:14  Stalker x2  
  44  4:22  Probe (Chrono Boost)  
  46  4:24  Probe (Chrono Boost)  
  46  4:32  Probe (Chrono Boost)  
  46  4:35  Probe (Chrono Boost)  
  48  4:43  Probe (Chrono Boost), Twilight Council  
  48  4:45  Observer, Probe (Chrono Boost)  
  51  4:57  Probe x2 (Chrono Boost)  
  53  5:05  Pylon  
  53  5:08  Probe (Chrono Boost), Immortal  
  53  5:09  Probe (Chrono Boost)  
  53  5:10  Assimilator  
  59  5:18  Probe (Chrono Boost)  
  61  5:21  Probe (Chrono Boost)  
  61  5:29  Probe (Chrono Boost)  
  61  5:33  Pylon, Probe (Chrono Boost)  
  59  5:39  Probe (Chrono Boost)  
  59  5:40  Pylon  
  59  5:41  Nexus  
  60  5:45  Probe (Chrono Boost)  
Show
View Real Time Build Order
Export as new Build Order

IIIIIIIIIIII Protoss 

Build Orders:  

Get SALT Encoding   

  12  0:00  Probe (Chrono Boost)  
  13  0:11  Probe (Chrono Boost)  
  14  0:17  Pylon  
  14  0:22  Probe (Chrono Boost)  
  16  0:35  Probe (Chrono Boost)  
  16  0:37  Gateway  
  16  0:42  Assimilator  
  16  0:46  Probe (Chrono Boost)  
  17  0:50  Assimilator  
  17  0:56  Probe (Chrono Boost)  
  18  1:05  Gateway  
  18  1:07  Probe (Chrono Boost)  
  19  1:16  Pylon  
  19  1:19  Probe (Chrono Boost)  
  20  1:26  Cybernetics Core  
  20  1:30  Probe (Chrono Boost)  
  21  1:36  Pylon  
  21  1:41  Probe (Chrono Boost)  
  22  1:49  Warp Gate  
  22  1:51  Probe (Chrono Boost)  
  23  2:03  Stalker  
  26  2:14  Mothership Core (Chrono Boost)  
  27  2:17  Pylon  
  27  2:21  Stalker  
  29  2:34  Probe (Chrono Boost)  
  29  2:35  Stalker  
  32  2:48  Probe (Chrono Boost)  
  32  2:51  Sentry  
  36  3:00  Probe (Chrono Boost)  
  36  3:03  Nexus  
  36  3:12  Pylon  
  36  3:15  Probe (Chrono Boost)  
  37  3:26  Robotics Facility  
  37  3:29  Probe (Chrono Boost)  
  38  3:41  Probe (Chrono Boost)  
  38  3:54  Probe (Chrono Boost)  
  39  4:01  Twilight Council  
  39  4:03  Stalker  
  39  4:05  Stalker  
  39  4:06  Probe (Chrono Boost)  
  42  4:11  Observer  
  44  4:18  Probe x2 (Chrono Boost)  
  39  4:28  Probe (Chrono Boost)  
  39  4:30  Probe (Chrono Boost)  
  39  4:39  Probe (Chrono Boost)  
  39  4:45  Probe (Chrono Boost)  
  41  4:50  Probe (Chrono Boost)  
  40  4:55  Observer  
  40  4:56  Probe (Chrono Boost)  
  40  5:02  Probe (Chrono Boost)  
  42  5:08  Probe (Chrono Boost)  
  43  5:14  Probe (Chrono Boost)  
  43  5:20  Probe (Chrono Boost)  
  42  5:24  Stalker  
  42  5:26  Probe (Chrono Boost)  
  40  5:42  Probe (Chrono Boost)  
  43  5:43  Probe (Chrono Boost)  
  43  5:51  Sentry x2  
Tags
 
Add a new tag
Caveats
  • Supply blocks, unpowered buildings, or Contaminate may cause inaccurate times.
  • Supply counts are checked every 10 seconds.